 Dungeon Crawl Stone Soup version 0.29.0-4-gdea44cf6ec (webtiles) character file.

Game seed: 6278547352450540200

14 qw the Chopper (level 2, -1/17 HPs)
             Began as a Tengu Warper on Aug 28, 2022.
             Succumbed to their own poison gas
             ... on level 1 of the Dungeon.
             The game lasted 00:00:05 (686 turns).

qw the Chopper (Tengu Warper)                        Turns: 686, Time: 00:00:05

Health: -1/17      AC:  8    Str: 11    XL:     2   Next: 41%
Magic:  6/6        EV:  4    Int: 13    God:
Gold:   35         SH:  3    Dex: 13    Spells: 5/5 levels left

rFire   + . .      SeeInvis .   Y - +0 hand axe
rCold   . . .      Faith    .   d - +0 buckler
rNeg    . . .      Spirit   .   i - +0 chain mail
rPois   .          Reflect  .   (helmet restricted)
rElec   .          Harm     .   (no cloak)
rCorr   .          Rampage  .   (no gloves)
Will    .....                   (boots unavailable)
Stlth   ..........              (no amulet)
HPRegen 0.05/turn               k - ring of protection from fire
MPRegen 0.10/turn               (no ring)

@: lethally poisoned (-1 -> -11), weak-willed
A: beak, talons 3
a: no special abilities


You were on level 1 of the Dungeon.
You visited 1 branch of the dungeon, and saw 1 of its levels.

You collected 35 gold pieces.


Innate Abilities, Weirdness & Mutations

You have a beak for a mouth.
You have claws for feet.


   Skills:
 - Level 2.0 Fighting
 - Level 3.3 Axes
 - Level 1.0 Throwing
 - Level 1.1 Armour
 - Level 2.1 Dodging
 + Level 0.0 Shields
 - Level 2.0 Spellcasting
 - Level 2.4 Translocations


You had 5 spell levels left.
You didn't know any spells.
Your spell library contained the following spells:

 Spells                   Type           Power      Damage    Failure   Level
 Blink                    Tloc           14%        N/A       100%        2
 Gell's Gravitas          Tloc           7%         N/A       100%        3
 Lesser Beckoning         Tloc           7%         N/A       100%        3
 Teleport Other           Tloc           7%         N/A       100%        3
 Manifold Assault         Tloc           7%         N/A       100%        5

Inventory:

Hand Weapons
 f - a +0 club
 Y - a +0 hand axe (weapon)
Armour
 d - a +0 buckler (worn)
 i - a +0 chain mail (worn)
Jewellery
 k - a ring of protection from fire (left hand)
Potions
 l - a potion of might {unknown}

Dungeon Overview and Level Annotations

Branches:
Dungeon (1/15)

Altars:


Message History

Done exploring.
680 ||| Stepping randomly (stuck).
You swap places.
Done exploring.
(D) Dungeon
Where to? (* - list waypoints, Enter - D:2, ? - help)
What level of the Dungeon? (default 1, ? - help) Sorry, I don't know how to get there.
Done exploring.
681 ||| Stepping randomly (stuck).
You swap places.
You see here a scroll of blinking.
Done exploring.
(D) Dungeon
Where to? (* - list waypoints, Enter - D:2, ? - help)
What level of the Dungeon? (default 1, ? - help) Sorry, I don't know how to get there.
Done exploring.
682 ||| Stepping randomly (stuck).
You swap places.
Done exploring.
(D) Dungeon
Where to? (* - list waypoints, Enter - D:2, ? - help)
What level of the Dungeon? (default 1, ? - help) Sorry, I don't know how to get there.
Done exploring.
683 ||| Stepping randomly (stuck).
You swap places.
You see here a scroll of blinking.
Done exploring.
(D) Dungeon
Where to? (* - list waypoints, Enter - D:2, ? - help)
What level of the Dungeon? (default 1, ? - help) Sorry, I don't know how to get there.
Done exploring.
684 ||| Stepping randomly (stuck).
Really walk into that cloud of poison gas?
You are engulfed in poison gas.
You are lethally poisoned!
Ouch! That really hurt!
You feel very sick.
685 ||| Stepping ~*~*~tactically~*~*~ (cloud).
You feel very sick.
There is a lethal amount of poison in your body!
You die...

#............#
#............#
###..........#######
#..................###
##.################...###
##..# ###...###
#..#####################....
#.##...¤0¤¤¤¤r0.¤00....##.#.
#..##..0¤¤0@Jgr¤¤00.|.##..#.
#...##.¤80¤##¤##¤¤8..##...#.
#....##¤..##...##...##....#.
#.....#####.....#####.....#.
#..).........<............#.
##................[......###
############'############ #
###..# # ##...## ##


You could see a friendly endoplasm (summoned), a friendly quokka (summoned), a
friendly goblin (summoned) and a friendly rat (summoned).

Vanquished Creatures
  A dart slug (D:1)
  2 bats (D:1)
  A goblin (D:1)
  A quokka (D:1)
  2 ball pythons (D:1)
  A frilled lizard (D:1)
  4 rats (D:1)
12 creatures vanquished.

Notes
Turn   | Place    | Note
-------+----------+-------------------------------------------
     0 | D:1      | qw the Tengu Warper began the quest for the Orb.
     0 | D:1      | Reached XP level 1. HP: 12/12 MP: 4/4
     0 | D:1      | 0 ||| qw: Version: 0.1-a-89-g26bdef1
     0 | D:1      | 0 ||| qw: Game counter: 2283
     0 | D:1      | 0 ||| qw: Always use a shield: true
     0 | D:1      | 0 ||| qw: God list: Okawaru
     0 | D:1      | 0 ||| qw: Allow faded altars: false
     0 | D:1      | 0 ||| qw: Do Orc after D:15 true
     0 | D:1      | 0 ||| qw: Do second Lair branch before Depths: true
     0 | D:1      | 0 ||| qw: Lair rune preference: random
     0 | D:1      | 0 ||| qw: Plans: Normal
     0 | D:1      | 0 ||| PLANNING D:1-11
   136 | D:1      | 136 ||| Stepping ~*~*~tactically~*~*~ (hiding).
   185 | D:1      | Reached XP level 2. HP: 17/17 MP: 6/6
   186 | D:1      | 186 ||| Stepping ~*~*~tactically~*~*~ (hiding).
   288 | D:1      | 288 ||| Stepping ~*~*~tactically~*~*~ (hiding).
   299 | D:1      | Reached skill level 3 in Axes
   339 | D:1      | Found a faded altar of an unknown god.
   652 | D:1      | 652 ||| UPGRADING to +0 buckler.
   657 | D:1      | 657 ||| UPGRADING to +0 chain mail.
   667 | D:1      | 667 ||| DROPPING +0 leather armour.
   668 | D:1      | 668 ||| UPGRADING to ring of protection from fire.
   669 | D:1      | 669 ||| READING scroll labelled ACIUDA EZOGA.
   670 | D:1      | 670 ||| READING scroll labelled COSCHE REMEFU.
   671 | D:1      | 671 ||| READING scroll labelled QOQAT MOCAHURPH.
   676 | D:1      | 676 ||| READING scroll labelled NELEOD CAHOTRY.
   677 | D:1      | 677 ||| READING scroll labelled JUELYE EDGHOUSIM.
   678 | D:1      | 678 ||| READING scroll labelled UJIYTW RYATAH.
   679 | D:1      | 679 ||| DROPPING scroll of blinking.
   680 | D:1      | 680 ||| Stepping randomly (stuck).
   681 | D:1      | 681 ||| Stepping randomly (stuck).
   682 | D:1      | 682 ||| Stepping randomly (stuck).
   683 | D:1      | 683 ||| Stepping randomly (stuck).
   684 | D:1      | 684 ||| Stepping randomly (stuck).
   684 | D:1      | HP: 4/17 [poisoned by you (poison gas)]
   685 | D:1      | 685 ||| Stepping ~*~*~tactically~*~*~ (cloud).
   685 | D:1      | HP: 1/17 [poisoned by you (poison gas)]
   686 | D:1      | Succumbed to their own poison gas

Levels and vault maps discovered:
D:1:      giann_horns, layout_basic, dreamdust_ecumenical_altar_grove,
          wander_ebering_terrifying_dragon_lair

Skill      XL: |  1  2 |
---------------+-------+-----
Axes           | 3 |  3.3
Fighting       | |  2.0
Throwing       | |  1.0
Armour         | |  1.1
Dodging        | |  2.1
Spellcasting   | |  2.0
Translocations | |  2.4

Action                   || total
-------------------------++-------
Melee: Hand axe          ||    17
       Kick              ||     3
       Peck              ||     1
Throw: Boomerang         ||     7
  Use: Scroll            ||     6
Armor: Leather armour    ||     6
Dodge: Dodged            ||     7

Table legend:
 A = Non-vault XP
 B = Vault XP
 C = Vault XP percentage of total XP
 D = Non-vault monster count
 E = Vault monster count
 F = Vault count percentage of total count
                 A         B        C        D         E       F
            +---------+---------+-------+---------+---------+-------
      Total |      19 |       1 |   5.0 |      11 |       1 |   8.3
            +---------+---------+-------+---------+---------+-------
        D:1 |      19 |       1 |   5.0 |      11 |       1 |   8.3
            +---------+---------+-------+---------+---------+-------
